 Dungeon Crawl Stone Soup version 0.30-a0-723-gc1506a1cf0 (webtiles) character file.

Game seed: 10925038524162500063

55 kae the Sneak (level 3, -1/16 HPs)
             Began as a Spriggan Enchanter on Jan 28, 2023.
             Slain by a kobold
             ... wielding a +0 short sword
              (4 damage)
             ... on level 2 of the Dungeon.
             The game lasted 00:01:42 (1150 turns).

kae the Sneak (Spriggan Enchanter)                  Turns: 1150, Time: 00:01:43

Health: -1/16      AC:  2    Str:  4    XL:     3   Next: 67%
Magic:  1/8        EV: 17    Int: 18    God:
Gold:   45         SH:  0    Dex: 15    Spells: 6/8 levels left

rFire   . . .      SeeInvis +    a - +1 dagger
rCold   . . .      Faith    .    (no shield)
rNeg    . . .      Spirit   .    b - +0 robe
rPois   .          Reflect  .    (helmet restricted)
rElec   .          Harm     .    (no cloak)
rCorr   .          Rampage  .    (gloves unavailable)
Will    .....                    (boots unavailable)
Stlth   +++                      (no amulet)
HPRegen 0.22/turn                (no ring)
MPRegen 0.11/turn                (no ring)

@: very quick
A: very small, no large weapons, unfitting armour, see invisible, speed 3
a: no special abilities


You were on level 2 of the Dungeon.
You visited 1 branch of the dungeon, and saw 2 of its levels.

You collected 45 gold pieces.


Innate Abilities, Weirdness & Mutations

You are very small and have problems with some larger weapons.
You are too small for most types of armour.
You have supernaturally acute eyesight. (SInv)
You cover ground extremely quickly. (Speed+++)


   Skills:
 * Level 2.3 Short Blades
 + Level 3.0 Dodging
 + Level 4.7 Stealth
 + Level 3.0 Spellcasting
 * Level 4.2 Hexes
 * Level 0.6 Ice Magic


You had 6 spell levels left.
You knew the following spells:

 Your Spells              Type           Power      Damage    Failure   Level
a - Ensorcelled Hibernat  Hex/Ice        22%        N/A       9%          2

Your spell library contained the following spells:

 Spells                   Type           Power      Damage    Failure   Level
 Confusing Touch          Hex            18%        N/A       9%          3
 Tukima's Dance           Hex            18%        N/A       9%          3
 Sandblast                Erth           4%         2d4       16%         1
 Dazzling Flash           Conj/Hex       20%        N/A       21%         3
 Passwall                 Tmut/Erth      1%         N/A       24%         2
 Stone Arrow              Conj/Erth      4%         3d7       43%         3

Inventory:

Hand Weapons
 a - a +1 dagger (weapon)
Missiles
 d - 13 stones (quivered)
 g - 8 poisoned darts
Armour
 b - a +0 robe (worn)
Scrolls
 e - a scroll of identify {unknown}
 f - a scroll of teleportation {unknown}
 h - a scroll of vulnerability {unknown}
 j - a scroll of immolation {unknown}
 k - a scroll of silence {unknown}
Potions
 c - 2 potions of invisibility
 i - a potion of mutation {unknown}

Dungeon Overview and Level Annotations

Branches:
Dungeon (2/15) Zot: 11208

Altars:

.##.###.#...............##
....# #.....#.##......#..
.##.###.#.#...##.###.... #
.......##.#.#.##.##.$#.#.#
#########.#..........#.#.###
#.###.##.##.......K.
#.###....###.#.#.###
#.##.....##.#..#
#.#.....@#.###.#
#........K## #..
#>#......#.## #.#
#.##........# .#
.............# # #
#############


You could see a kobold.


Message History

An endoplasm and a kobold come into view.
An endoplasm is nearby!
The helpless endoplasm fails to defend itself.
You impale the endoplasm!!
You kill the endoplasm!
There are monsters nearby!
The adder closely misses you.
You hit the adder. The adder bites you. 😕 HP[-3]
You take 3 damage, and now have 13/16 hp.
There are monsters nearby!
You barely miss the adder. The adder completely misses you.
You barely miss the adder. The adder closely misses you.
There are monsters nearby!
You hit the adder. The adder completely misses you. The adder bites you.
You are too injured to fight recklessly! 😮 HP[-4]
You take 4 damage, and now have 9/16 hp.
MASSIVE DAMAGE!! (PAUSE)
Casting: Ensorcelled Hibernation (safe; 10% risk of failure)
Confirm with . or Enter, or press ? or * to list all spells.
Aiming: Ensorcelled Hibernation (safe; 10% risk of failure)
Press: ? - help, Shift-Dir - straight line, f - adder
Aim: an adder (heavily wounded, chance to affect: 53%)
The adder resists with significant effort.
The adder misses you. 😮 HP[+1] MP[-2]
You lost 2 mp, and now have 6/8 mp.
You barely miss the adder. The adder misses you.
Casting: Ensorcelled Hibernation (safe; 10% risk of failure)
Confirm with . or Enter, or press ? or * to list all spells.
Aiming: Ensorcelled Hibernation (safe; 10% risk of failure)
Press: ? - help, Shift-Dir - straight line, f/p - adder
Aim: an adder (heavily wounded, chance to affect: 53%)
The adder resists with significant effort.
The adder bites you.
* * * LOW HITPOINT WARNING * * *
You are poisoned.
The adder poisons you! 😨 HP[-3] MP[-2]
You take 3 damage, and now have 7/16 hp.
You lost 2 mp, and now have 4/8 mp.
Unknown command.
Unknown command.
Casting: Ensorcelled Hibernation (safe; 10% risk of failure)
Confirm with . or Enter, or press ? or * to list all spells.
Aiming: Ensorcelled Hibernation (safe; 10% risk of failure)
Press: ? - help, Shift-Dir - straight line, f/p - adder
Aim: an adder (heavily wounded, chance to affect: 53%)
The adder looks drowsy...
* * * LOW HITPOINT WARNING * * *
You feel sick. 😨 HP[-2] MP[-2]
You take 2 damage, and now have 5/16 hp.
You lost 2 mp, and now have 2/8 mp.
Unknown command.
The helpless adder fails to defend itself.
You impale the adder!!
You kill the adder!
* * * LOW HITPOINT WARNING * * *
You feel sick.
Your Dodging skill increases to level 3! 😱 HP[-1]
You take 1 damage, and now have 4/16 hp.
The kobold shouts! 😨 HP[+1]
* * * LOW HITPOINT WARNING * * *
You feel sick. 😱 HP[-1]
You take 1 damage, and now have 4/16 hp.
* * * LOW HITPOINT WARNING * * *
You feel sick. 😱 HP[-1]
You take 1 damage, and now have 3/16 hp.
* * * LOW HITPOINT WARNING * * *
You feel sick. 😱 HP[-1]
You take 1 damage, and now have 2/16 hp.
You start resting.
* * * LOW HITPOINT WARNING * * *
You feel sick.
You are no longer poisoned. 😱 HP[-1]
You take 1 damage, and now have 1/16 hp.
You start resting.
A kobold is nearby! 😱 HP[+1] MP[+1]
Casting: Ensorcelled Hibernation (safe; 9% risk of failure)
Confirm with . or Enter, or press ? or * to list all spells.
Aiming: Ensorcelled Hibernation (safe; 9% risk of failure)
Press: ? - help, Shift-Dir - straight line, f - kobold
Aim: a kobold, wielding a +0 short sword (chance to affect: 62%)
The kobold looks drowsy... 😱 HP[+1] MP[-2]
You lost 2 mp, and now have 1/8 mp.
The kobold closely misses you.
You hit the kobold. The kobold completely misses you.
You completely miss the kobold.
The kobold hits you with a +0 short sword.
You die...

Skill      XL: |  1  2  3 |
---------------+----------+-----
Hexes          | 4 |  4.2
Short Blades   | 2 |  2.3
Spellcasting   | 3 |  3.0
Dodging        | 3 |  3.0
Stealth        | |  4.7
Ice Magic      | |  0.6

Action                     || total
---------------------------++-------
  Melee: Dagger            ||   121
   Cast: Ensorcelled Hiber ||     9
   Stab: Sleeping          ||    12
         Distracted        ||     2
 Armour: Robe              ||     8
  Dodge: Dodged            ||    81

Levels and vault maps discovered:
D:1:      minmay_arrival_five_plusses, layout_basic
D:2:      layout_loops_ring, uniq_robin

Notes
Turn   | Place    | Note
-------+----------+-------------------------------------------
     0 | D:1      | kae the Spriggan Enchanter began the quest for the Orb.
     0 | D:1      | Reached XP level 1. HP: 9/9 MP: 5/5
     0 | D:1      | magus.rc [v1.11.3]
   151 | D:1      | HP: 2/9 [jackal (2)]
   208 | D:1      | HP: 2/9 [jackal (2)]
   273 | D:1      | Reached XP level 2. HP: 10/13 MP: 6/6
   287 | D:1      | Learned a level 2 spell: Ensorcelled Hibernation
   370 | D:1      | You pick up a book of Geomancy and begin reading...
   370 | D:1      | You add the spells Sandblast, Passwall and Stone Arrow to
                  | your library.
   396 | D:1      | HP: 3/13 [kobold/+0 whip (3)]
   400 | D:1      | Reached skill level 4 in Hexes
   628 | D:1      | Reached skill level 2 in Short Blades
   628 | D:1      | Reached XP level 3. HP: 16/16 MP: 8/8
   833 | D:1      | Reached skill level 3 in Spellcasting
  1134 | D:2      | HP: 4/16 [poisoned by an adder]
  1135 | D:2      | Reached skill level 3 in Dodging
  1139 | D:2      | HP: 2/16 [poisoned by an adder]
  1150 | D:2      | Slain by a kobold

Vanquished Creatures
  An adder (D:2)
  A dart slug (D:1)
  3 ball pythons
  A bat (D:1)
  5 endoplasms
  3 giant cockroaches (D:1)
  5 goblins
  2 hobgoblins (D:1)
  5 jackals (D:1)
  A frilled lizard (D:1)
  5 kobolds
  6 rats
38 creatures vanquished.

Table legend:
 A = Non-vault XP
 B = Vault XP
 C = Vault XP percentage of total XP
 D = Non-vault monster count
 E = Vault monster count
 F = Vault count percentage of total count
                 A         B        C        D         E       F
            +---------+---------+-------+---------+---------+-------
      Total |      79 |       0 |   0.0 |      38 |       0 |   0.0
            +---------+---------+-------+---------+---------+-------
        D:1 |      51 |       0 |   0.0 |      27 |       0 |   0.0
        D:2 |      28 |       0 |   0.0 |      11 |       0 |   0.0
            +---------+---------+-------+---------+---------+-------

Illustrated notes

Table legend:
 A = Kills in this place as a percentage of kills in entire the game.
 B = Kills by you in this place as a percentage of kills by you in the entire game.
 C = Kills by friends in this place as a percentage of kills by friends in the entire game.
 D = Other kills in this place as a percentage of other kills in the entire game.
 E = Experience gained in this place as a percentage of experience gained in the entire game.
 F = Experience gained in this place divided by the number of levels of this place that you have seen.
                   A       B       C       D       E      F
               +-------+-------+-------+-------+-------+----------------------
         Total | 100.0 | 100.0 |   N/A |   N/A | 100.0 |  39.5
       Dungeon | 100.0 | 100.0 |   N/A |   N/A | 100.0 |  39.5
               +-------+-------+-------+-------+-------+----------------------

Table legend: (Time is in decaauts)
 A = Elapsed time spent in this place.
 B = Non-inter-level travel time spent in this place.
 C = Inter-level travel time spent in this place.
 D = Time resting spent in this place.
 E = Time spent auto-exploring this place.
 F = Levels seen in this place.
 G = Mean time per level.
                   A        B        C        D        E       F      G
               +--------+--------+--------+--------+--------+-----+--------+
         Total |    790 |    766 |     24 |     40 |    380 |   2 |  395.0 |
       Dungeon |    790 |    766 |     24 |     40 |    380 |   2 |  395.0 |
               +--------+--------+--------+--------+--------+-----+--------+

Top non-repeatable levels by time:
     D:1: 656 daAuts
     D:2: 133 daAuts
